 Dungeon Crawl Stone Soup version 0.23-a0-666-g28d4f2f0af (webtiles) character file.

164 Adamkad1 the Stinger (level 5, -1/37 HPs)
             Began as a Gnoll Venom Mage on Jan 8, 2019.
             Killed by divine providence
             ... invoked by an orc priest
              (14 damage)
             ... on level 3 of the Dungeon.
             The game lasted 00:06:13 (2087 turns).

Adamkad1 the Stinger (Gnoll Venom Mage)             Turns: 2087, Time: 00:06:13

Health: -1/37      AC:  2    Str: 10    XL:     5   Next: 45%
Magic:  0/12       EV: 15    Int: 19    God:
Gold:   68         SH:  0    Dex: 15    Spells: 4/14 levels left

rFire    . . .     SeeInvis .   i - staff of death
rCold    . . .     Gourm    .   (no shield)
rNeg     + . .     Faith    .   a - +0 robe
rPois    .         Spirit   .   (no helmet)
rElec    .         Reflect  .   (no cloak)
rCorr    .         Harm     .   (no gloves)
MR       .....                  (no boots)
Stlth    +++.......             (no amulet)
HPRegen  0.12/turn              (no ring)
MPRegen  0.13/turn              (no ring)

@: no status effects
A: distributed training, fangs 1, strong nose
a: no special abilities


You were on level 3 of the Dungeon.
You were not hungry.

You visited 1 branch of the dungeon, and saw 3 of its levels.

You collected 68 gold pieces.

Inventory:

Armour
 a - a +0 robe (worn)
Magical Staves
 i - an uncursed staff of death (weapon)
Scrolls
 d - 2 scrolls of identify {unknown}
 f - a scroll of random uselessness {unknown}
 g - a scroll of enchant weapon {unknown}
 j - a scroll of enchant armour {unknown}
Potions
 b - 2 potions of haste {unknown}
 e - a potion of heal wounds {unknown}
 k - a potion of flight {unknown}
Comestibles
 c - 5 rations
 h - 2 chunks of flesh


   Skills:
 + Level 1.4 Fighting
 + Level 1.4 Short Blades
 + Level 1.4 Long Blades
 + Level 1.4 Axes
 + Level 1.4 Maces & Flails
 + Level 1.4 Polearms
 + Level 1.4 Staves
 + Level 1.4 Slings
 + Level 1.4 Bows
 + Level 1.4 Crossbows
 + Level 1.4 Throwing
 + Level 1.4 Armour
 + Level 4.8 Dodging
 + Level 4.4 Stealth
 + Level 1.4 Shields
 + Level 1.4 Unarmed Combat
 + Level 5.2 Spellcasting
 + Level 2.4 Conjurations
 + Level 1.1 Hexes
 + Level 1.1 Charms
 + Level 1.1 Summonings
 + Level 1.1 Necromancy
 + Level 1.1 Translocations
 + Level 1.1 Transmutations
 + Level 1.1 Fire Magic
 + Level 1.1 Ice Magic
 + Level 1.1 Air Magic
 + Level 1.1 Earth Magic
 + Level 5.5 Poison Magic
 + Level 1.6 Invocations
 + Level 1.4 Evocations


You had 4 spell levels left.
You knew the following spells:

 Your Spells              Type           Power        Failure   Level  Hunger
a - Sting                 Conj/Pois      ###.         2%          1    None
b - Poisonous Vapours     Pois/Air       ###...       4%          2    #......
c - Mephitic Cloud        Conj/Pois/Air  ###.....     11%         3    ##.....
d - Olgreb's Toxic Radia  Pois           ####....     12%         4    ####...

Your spell library contained the following spells:

 Spells                   Type           Power        Failure   Level  Hunger
 Venom Bolt               Conj/Pois      ###.......   54%         5    ######.


Dungeon Overview and Level Annotations

Branches:
Dungeon (3/15)

Altars:


Innate Abilities, Weirdness & Mutations

Your experience applies equally to all skills.
You have very sharp teeth.
Your uncanny sense of smell can sniff out nearby items.


Message History

Confirm with . or Enter, or press ? or * to list all spells.
You begin to radiate toxic energy.
You kill the orc wizard!
The orc priest is poisoned.
The orc priest mumbles some strange prayers to Beogh against you.
Beogh smites you!
Casting: Olgreb's Toxic Radiance (safe; 12% risk of failure)
Confirm with . or Enter, or press ? or * to list all spells.
Aiming: Sting (safe; 2% risk of failure)
Press: ? - help, Shift-Dir - straight line, f - orc priest
Aim: an orc priest, wielding a +0 war axe and wearing a +0 scale mail The sting hits the orc priest.
The orc priest appears unharmed.
The orc priest is moderately wounded.
The orc priest looks even sicker.
The orc wizard shouts!
The orc wizard is poisoned.
The orc priest looks even sicker.
Your toxic aura wanes.
The orc priest invokes the aid of Beogh against you.
Beogh smites you!
You die...

....o ....
.... .)#
).#∆ #.#∆
#######o#
.)....†@##
..#####..##
∆ ##..# ..#
#..# #.#
#..# #.#
###.## #.#
#....# #.#
#....# #.#
#....# #.#


You could see an orc priest and an orc wizard.

Vanquished Creatures
  2 orc wizards (D:3)
  3 gnolls (D:2)
  An adder (D:2)
  A dart slug (D:2)
  2 leopard geckos (D:1)
  8 orcs (D:3)
  A ball python (D:1)
  2 giant cockroaches (D:2)
  5 goblins
  5 hobgoblins
  9 jackals (D:1)
  5 bats
  5 kobolds
  8 rats
57 creatures vanquished.

Notes
Turn   | Place    | Note
-------+----------+-------------------------------------------
     0 | D:1      | Adamkad1 the Gnoll Venom Mage began the quest for the Orb.
     0 | D:1      | Reached XP level 1. HP: 13/13 MP: 6/6
    95 | D:1      | Reached XP level 2. HP: 12/19 MP: 0/7
   217 | D:1      | Learned a level 2 spell: Poisonous Vapours
   690 | D:1      | Reached XP level 3. HP: 25/25 MP: 7/9
   733 | D:1      | Reached skill level 5 in Spellcasting
  1203 | D:2      | Learned a level 3 spell: Mephitic Cloud
  1433 | D:2      | Reached skill level 1 in Invocations
  1529 | D:2      | Reached skill level 1 in Fighting
  1529 | D:2      | Reached skill level 1 in Short Blades
  1529 | D:2      | Reached skill level 1 in Long Blades
  1529 | D:2      | Reached skill level 1 in Axes
  1529 | D:2      | Reached skill level 1 in Maces & Flails
  1529 | D:2      | Reached skill level 1 in Polearms
  1529 | D:2      | Reached skill level 1 in Staves
  1529 | D:2      | Reached skill level 1 in Slings
  1529 | D:2      | Reached skill level 1 in Bows
  1529 | D:2      | Reached skill level 1 in Crossbows
  1529 | D:2      | Reached skill level 1 in Throwing
  1529 | D:2      | Reached skill level 1 in Armour
  1529 | D:2      | Reached skill level 1 in Shields
  1529 | D:2      | Reached skill level 1 in Unarmed Combat
  1529 | D:2      | Reached skill level 1 in Evocations
  1529 | D:2      | Reached XP level 4. HP: 32/32 MP: 3/11
  1664 | D:2      | Learned a level 4 spell: Olgreb's Toxic Radiance
  1966 | D:3      | Reached skill level 1 in Hexes
  1966 | D:3      | Reached skill level 1 in Charms
  1966 | D:3      | Reached skill level 1 in Summonings
  1966 | D:3      | Reached skill level 1 in Necromancy
  1966 | D:3      | Reached skill level 1 in Translocations
  1966 | D:3      | Reached skill level 1 in Transmutations
  1966 | D:3      | Reached skill level 1 in Fire Magic
  1966 | D:3      | Reached skill level 1 in Ice Magic
  1966 | D:3      | Reached skill level 1 in Air Magic
  1966 | D:3      | Reached skill level 1 in Earth Magic
  1985 | D:3      | Reached XP level 5. HP: 36/37 MP: 3/12
  2087 | D:3      | Killed from afar by an orc priest

Vault maps used:
D:1:      dpeg_arrival_simpleton_b
D:3:      gammafunk_ghost_nasty_kobolds

Skill      XL: |  1  2  3  4 |
---------------+-------------+-----
Conjurations   | 2 |  2.4
Spellcasting   | 5 |  5.2
Invocations    | 1 |  1.6
Fighting       | 1 |  1.4
Short Blades   | 1 |  1.4
Long Blades    | 1 |  1.4
Axes           | 1 |  1.4
Maces & Flails | 1 |  1.4
Polearms       | 1 |  1.4
Staves         | 1 |  1.4
Slings         | 1 |  1.4
Bows           | 1 |  1.4
Crossbows      | 1 |  1.4
Throwing       | 1 |  1.4
Armour         | 1 |  1.4
Shields        | 1 |  1.4
Unarmed Combat | 1 |  1.4
Evocations     | 1 |  1.4
Hexes          | 1 |  1.1
Charms         | 1 |  1.1
Summonings     | 1 |  1.1
Necromancy     | 1 |  1.1
Translocations | 1 |  1.1
Transmutations | 1 |  1.1
Fire Magic     | 1 |  1.1
Ice Magic      | 1 |  1.1
Air Magic      | 1 |  1.1
Earth Magic    | 1 |  1.1
Dodging        | |  4.8
Stealth        | |  4.4
Poison Magic   | |  5.5

Action                   |  1- 3 |  4- 6 || total
-------------------------+-------+-------++-------
Melee: Unarmed           |     3 |       ||     3
       Staff             |       |     1 ||     1
 Cast: Sting             |    62 |    22 ||    84
       Olgreb's Toxic Ra |       |     4 ||     4
  Eat: Chunk             |     2 |     2 ||     4
Armor: Robe              |       |     2 ||     2
Dodge: Dodged            |    15 |     8 ||    23

Table legend:
 A = Non-vault XP
 B = Vault XP
 C = Vault XP percentage of total XP
 D = Non-vault monster count
 E = Vault monster count
 F = Vault count percentage of total count
                 A         B        C        D         E       F
            +---------+---------+-------+---------+---------+-------
      Total |     235 |       0 |   0.0 |      57 |       0 |   0.0
            +---------+---------+-------+---------+---------+-------
        D:1 |      44 |       0 |   0.0 |      25 |       0 |   0.0
        D:2 |      76 |       0 |   0.0 |      14 |       0 |   0.0
        D:3 |     115 |       0 |   0.0 |      18 |       0 |   0.0
            +---------+---------+-------+---------+---------+-------
